 Dungeon Crawl Stone Soup version 0.32-a0-543-gefe97123c3 (webtiles) character file.

Game seed: 14552823238121497492

7534 IndexError the Destroyer (level 11, -1/117 HPs)
             Began as an Oni Conjurer on Feb 29, 2024.
             Was a Believer of Vehumet.
             Shot with an arrow by an orc warrior (7 damage)
             ... on level 9 of the Dungeon.
             The game lasted 00:24:06 (12224 turns).

IndexError the Destroyer (Oni Conjurer)            Turns: 12224, Time: 00:24:06

Health: -1/117     AC:  9    Str: 13    XL:     11   Next: 16%
Magic:  12/25      EV:  9    Int: 28    God:    Vehumet [**....]
Gold:   431        SH:  0    Dex:  9    Spells: 6/30 levels left

rFire   + . .        b - +2 sling (elec)
rCold   . . .        (no shield)
rNeg    . . .        I - +0 steam dragon scales
rPois   +            m - +0 hat of Pandemonium {*Corrode rElec Int+5 Dex+2}
rElec   +            u - +2 cloak
rCorr   .            (gloves unavailable)
SInv    .            (boots unavailable)
Will    +....        (no amulet)
Stlth   +            B - ring of protection from fire {rF+, !d}
HPRegen 0.39/turn    E - ring of poison resistance {rPois, !d}
MPRegen 0.19/turn

%: corrode self (3%)
@: no status effects
A: large, unfitting armour, horns 1, tough skin 1, double potion healing,
drunken brawling
a: Renounce Religion


You were on level 9 of the Dungeon.
You worshipped Vehumet.
Vehumet was pleased with you.
You visited 3 branches of the dungeon, and saw 12 of its levels.
You also visited: Sewer.

You collected 431 gold pieces.

Inventory:

Hand Weapons
 a - the +7 falchion "Vyul" {speed, rF++ Will+ Int-3}
   (You found it on level 5 of the Dungeon)

   Int-3:     It affects your intelligence (-3).
   rF++:      It greatly protects you from fire.
   Will+:     It increases your willpower.
 b - a +2 sling of electrocution (weapon)
   (You found it on level 2 of the Dungeon)
Missiles
 i - 4 javelins
 o - 6 silver javelins
 t - 4 darts of dispersal {=f}
Armour
 m - the +0 hat of Pandemonium (worn) {*Corrode rElec Int+5 Dex+2}
   (You acquired it on level 8 of the Dungeon)

   Int+5:     It affects your intelligence (+5).
   Dex+2:     It affects your dexterity (+2).
   rElec:     It insulates you from electricity.
   *Corrode:  It may corrode you when you take damage.
 u - a +2 cloak (worn)
   (You found it on level 8 of the Dungeon)
 I - +0 steam dragon scales (worn)
   (You found it on level 7 of the Dungeon)
Magical Staves
 c - a staff of air {rElec}
   (You found it on level 1 of the Dungeon)
Jewellery
 n - a ring of see invisible {sInv, !d}
   (You found it on level 8 of the Dungeon)
 B - a ring of protection from fire (left hand) {rF+, !d}
   (You found it on level 6 of the Dungeon)
 E - a ring of poison resistance (right hand) {rPois, !d}
   (You found it on level 7 of the Dungeon)
Wands
 s - a wand of warping (4)
   (You found it on level 4 of the Dungeon)
 A - a wand of flame (32)
   (You found it on level 6 of the Dungeon)
 D - a wand of paralysis (13)
   (You found it on level 6 of the Dungeon)
Scrolls
 d - 2 scrolls of amnesia
 e - 10 scrolls of teleportation {unknown}
 k - a scroll of silence
 l - a scroll of enchant weapon {unknown}
 r - a scroll of blinking {!r}
 x - 2 scrolls of revelation
 z - a scroll of fog
 C - 2 scrolls of immolation {!r}
 G - a scroll of fear
Potions
 f - 6 potions of haste {unknown}
 g - 4 potions of degeneration {unknown}
 h - 3 potions of invisibility {unknown}
 j - a potion of magic
 p - 2 potions of attraction {unknown}
 q - a potion of heal wounds {unknown}
 v - a potion of experience
 w - 3 potions of mutation {unknown}
 H - 3 potions of lignification {unknown}


   Skills:
 - Level 10.0 Fighting
 + Level 3.0 Armour
 - Level 1.7 Dodging
 - Level 1.4 Stealth
 - Level 10.0 Spellcasting
 + Level 10.5 Conjurations
 - Level 3.0 Translocations
 - Level 3.0 Alchemy


You had 6 spell levels left.
You knew the following spells:

 Your Spells              Type           Power      Damage    Failure   Level
a - Magic Dart            Conj           100%       1d8       1%          1
b - Searing Ray           Conj           100%       2d8       1%          2
c - Fulminant Prism       Conj/Alch      25%        3d14      2%          4
f - Fireball              Conj/Fire      21%        3d10      13%         5
s - Swiftness             Air            14%        N/A       12%         3
x - Iskenderun's Mystic   Conj/Tloc      51%        2d11      2%          4
z - Iskenderun's Battles  Conj           64%        2d11      1%          5

Your spell library contained the following spells:

 Spells                   Type           Power      Damage    Failure   Level
 Momentum Strike          Conj/Tloc      100%       3d10      1%          2
 Shock                    Conj/Air       100%       1d9       1%          1
 Stone Arrow              Conj/Erth      86%        3d12      1%          3
 Sandblast                Erth           28%        2d8       4%          1
 Brom's Barrelling Bould  Conj/Erth      43%        2d6       4%          4
 Fugue of the Fallen      Necr           14%        N/A       12%         3
 Ozocubu's Armour         Ice            14%        N/A       12%         3
 Passwall                 Erth           14%        N/A       12%         3
 Manifold Assault         Tloc           30%        N/A       12%         4
 Airstrike                Air            7%         2d(1-17)  36%         4
 Animate Armour           Summ/Erth      28%        N/A       36%         4
 Summon Lightning Spire   Summ/Air       14%        N/A       36%         4
 Conjure Ball Lightning   Conj/Air       21%        3x3d6     56%         6
 Lee's Rapid Deconstruct  Erth           7%         3d6*      73%         5
 Orb of Destruction       Conj           32%        9d10      41%         7


Dungeon Overview and Level Annotations

Branches:
Dungeon (10/15)            Temple (1/1) D:6             Orc (1/2) D:9
  Sewer (visited)
   Lair: D:8-11

Altars:
Ashenzari
Cheibriados
Dithmenos
Elyvilon
Fedhas
Gozag
Hepliaklqana
Kikubaaqudgha
Makhleb
Nemelex Xobeh
Okawaru
Qazlal
Ru
Sif Muna
Trog
Uskayaw
Vehumet
Wu Jian
Xom
Yredelemnul
Zin
The Shining One

Shops:
D:7 *


Innate Abilities, Weirdness & Mutations

You are too large for most types of armour.
You have a pair of small horns on your head.
You have tough skin. (AC +1)
You gain doubled healing and magic from potions.
Whenever you drink a healing potion, you attack all around you.


Message History

The orc warrior shoots an arrow.
The arrow hits you but does no damage.
An orc comes into view. It is wielding a +0 flail.
You now have 20/25 mp.
The magic dart hits the orc but does no damage.
Your battlesphere fires!
The barrage of energy hits the orc!
Vehumet accepts your kill. The orc hits you with a +0 club.
You take 3 damage, and have 114/117 hp.
You now have 19/25 mp.
The magic dart hits the orc.
Your battlesphere fires!
The barrage of energy hits the orc!
Vehumet accepts your kill.
You feel your power returning. The orc barely misses you.
The orc warrior hits your battlesphere with a +0 morningstar!
The magic dart hits the orc.
Vehumet accepts your kill.
You feel your power returning.
Your battlesphere fires!
The barrage of energy hits the orc warrior!
The orc warrior shoots an arrow.
The arrow hits your battlesphere!
The orc wizard points at you and mumbles some strange words.
You are confused.
You're too confused to cast spells.
You're too confused to cast spells.
You're too confused to cast spells.
The orc warrior hits you with a +0 morningstar!
In your confused state, you trip and fall back down the stairs.
The orc warrior shoots an arrow.
The arrow hits you but does no damage. The orc warrior barely misses you.
The ogre barely misses you.
You take 8 damage, and have 107/117 hp.
The orc warrior hits you with a +0 morningstar.
In your confused state, you trip and fall back down the stairs.
The ogre hits you with a +0 giant club!!
The orc wizard gestures wildly while chanting.
The orc wizard flickers and vanishes!
Deactivating autopickup; reactivate with Ctrl-A.
The orc hits you but does no damage. The orc closely misses you.
The orc warrior hits you with a +0 morningstar!
You take 40 damage, and have 67/117 hp.
MASSIVE DAMAGE!!
The orc warrior unwields a +0 orcbow.
The orc warrior wields a +0 trident.
The orc warrior hits you with a +0 trident.
The orc hits you but does no damage. The orc hits you with a +0 flail.
The orc warrior barely misses you. The ogre closely misses you.
In your confused state, you trip and fall back down the stairs.
The orc warrior hits you with a +0 trident!
The orc hits you but does no damage. The orc hits you with a +0 flail.
The orc barely misses you.
The orc warrior hits you with a +0 morningstar!
* * * LOW HITPOINT WARNING * * *
You take 35 damage, and have 32/117 hp.
MASSIVE DAMAGE!!
You feel less confused.
The orc warrior hits you but does no damage.
The ogre hits you with a +0 giant club!!
* * * LOW HITPOINT WARNING * * *
The orc closely misses you. x2; The orc warrior closely misses you.
You climb upwards.
Welcome back to the Dungeon!
Reactivating autopickup.
There is a staircase to the Orcish Mines here.
You take 23 damage, and have 9/117 hp.
You can't go up here!
Casting: Magic Dart (safe; 1% risk of failure)
Confirm with . or Enter, or press ? or * to list all spells.
You erupt in a blast of force!
The mystic blast hits the orc!
Vehumet accepts your kill.
The mystic blast hits the orc!!
Vehumet accepts your kill.
You feel your power returning.
The mystic blast hits the orc warrior.
The orc warrior is knocked back by the mystic blast.
The orc warrior slams into the rock wall!
The mystic blast hits the orc warrior!!
The orc warrior is knocked back by the mystic blast.
The orc warrior slams into the orcish idol!
The mystic blast hits the ogre!
The ogre is knocked back by the mystic blast.
The mystic blast hits the orc.
The orc is knocked back by the mystic blast.
You now have 18/25 mp.
The orc warrior unwields a +0 trident.
The orc warrior wields a +0 orcbow.
The orc warrior shoots an arrow.
The arrow barely misses you.
Things that are here:
a +0 flail; an orc corpse The orc warrior shoots an arrow.
The arrow hits you.
* * * LOW HITPOINT WARNING * * *
You take 5 damage, and have 5/117 hp.
Casting: Iskenderun's Mystic Blast (mildly dangerous; 2% risk of failure)
Confirm with . or Enter, or press ? or * to list all spells.
You erupt in a blast of force!
The mystic blast hits the ogre!
The ogre is knocked back by the mystic blast.
The orc warrior shoots an arrow.
The arrow closely misses you.
You now have 15/25 mp.
Casting: Iskenderun's Mystic Blast (mildly dangerous; 2% risk of failure)
Confirm with . or Enter, or press ? or * to list all spells.
You erupt in a blast of force!
The mystic blast hits the orc warrior!
Vehumet accepts your kill.
The mystic blast hits the orc!
Vehumet accepts your kill.
You feel your power returning.
The orc warrior shoots an arrow.
The arrow hits you!
You die...

#..........##.## ##...
###........##..### #..#.
##....####.....#### #.###
###..#.....ß.....# #.# #
####.....o.....## #.#
#..............####.#
####
##(.ß....>....ß......#
#..###
##.))....))......######
#....###.[##...@.)O....##
#.....##).##....?ß.....#
##.......######.....####
##....)...###.....### #
#........).##.##### #
####....#...#.# ###
##..###....# ##.. ####
##...## ##... ##...#####
#....


You could see an orc warrior and an ogre.

Vanquished Creatures
  2 unseen horror zombies (D:9)
  Grinder (D:3)
  A hornet (D:9)
  A vampire (D:9)
  Sigmund (D:2)
  2 wyverns (D:9)
  4 yaks (D:8)
  2 steam dragons
  Grum (D:8)
  2 acid dragons
  A water moccasin (D:8)
  3 black bears
  Pargi (Sewer)
  4 ice beasts
  6 orc warriors
  3 sky beasts
  2 wolves (D:8)
  An ogre (D:6)
  3 centaurs
  3 phantoms (D:6)
  A kobold brigand (D:8)
  A brain worm (Sewer)
  4 bullfrogs
  2 scorpions
  14 wights
  4 killer bees
  2 howler monkeys
  5 bombardier beetles
  A centaur zombie (D:9)
  3 hounds
  An orc priest (D:7)
  3 gnoll boudas
  Terence (D:2)
  Jessica (D:2)
  2 iguanas
  5 orc wizards
  4 sleepcaps
  2 killer bee zombies (D:9)
  2 howler monkey zombies (D:9)
  Robin (D:2)
  5 gnolls (D:7)
  5 adders
  4 white imps
  2 ribbon worms (D:2)
  4 dart slugs
  32 orcs
  11 ball pythons
  10 endoplasms
  8 giant cockroaches
  11 goblins
  7 hobgoblins
  4 jackals (D:1)
  3 quokkas
  5 bats
  8 frilled lizards
  8 kobolds
  5 rats
235 creatures vanquished.

Vanquished Creatures (others)
  A fulminant prism (D:9)
1 creature vanquished.

Grand Total: 236 creatures vanquished

Notes
Turn   | Place    | Note
-------+----------+-------------------------------------------
     0 | D:1      | IndexError the Oni Conjurer began the quest for the Orb.
     0 | D:1      | Reached XP level 1. HP: 16/16 MP: 3/3
   188 | D:1      | Reached skill level 3 in Spellcasting
   230 | D:1      | Reached XP level 2. HP: 24/24 MP: 0/6
   796 | D:1      | Reached XP level 3. HP: 31/31 MP: 3/7
   952 | D:1      | Reached skill level 4 in Conjurations
  1516 | D:2      | Noticed Robin
  1675 | D:2      | Reached XP level 4. HP: 39/39 MP: 4/9
  1865 | D:2      | Learned a level 2 spell: Searing Ray
  1956 | D:2      | Killed Robin
  1957 | D:2      | Reached skill level 4 in Spellcasting
  1962 | D:2      | HP: 8/39 [goblin/+0 dagger[Robin] (2)]
  2105 | D:2      | Noticed Terence
  2112 | D:2      | Killed Terence
  2173 | D:2      | Noticed Sigmund
  2182 | D:2      | Killed Sigmund
  2183 | D:2      | Reached skill level 5 in Conjurations
  2183 | D:2      | Reached XP level 5. HP: 22/45 MP: 1/12
  2183 | D:2      | Reached XP level 6. HP: 26/53 MP: 1/13
  2307 | D:2      | Noticed Jessica
  2319 | D:2      | Killed Jessica
  2825 | D:3      | Noticed Grinder
  2844 | D:3      | Killed Grinder
  2845 | D:3      | Reached skill level 5 in Spellcasting
  2845 | D:3      | Reached skill level 6 in Conjurations
  2845 | D:3      | Reached XP level 7. HP: 27/59 MP: 0/15
  3073 | D:3      | Found a sacrificial altar of Ru.
  4330 | D:4      | Found a blossoming altar of Fedhas.
  4487 | D:5      | Entered Level 5 of the Dungeon
  4533 | D:4      | Reached skill level 6 in Spellcasting
  4533 | D:4      | Reached skill level 7 in Conjurations
  4719 | D:5      | Found a shadowy altar of Dithmenos.
  4836 | D:5      | Reached XP level 8. HP: 64/67 MP: 13/17
  5236 | D:5      | Identified the +7 falchion "Vyul" {speed, rF++ Will+ Int-3}
  5389 | D:6      | HP: 15/67 [ice beast (12)]
  5394 | D:6      | Reached skill level 8 in Conjurations
  5468 | D:6      | Reached skill level 7 in Spellcasting
  5547 | D:6      | Found a glowing drain.
  5556 | Sewer    | Entered a sewer
  5732 | Sewer    | Noticed Pargi
  5735 | Sewer    | Killed Pargi
  5896 | D:6      | Found a staircase to the Ecumenical Temple.
  5913 | Temple   | Entered the Ecumenical Temple
  5934 | Temple   | Became a worshipper of Vehumet
  6104 | D:6      | Reached skill level 9 in Conjurations
  6104 | D:6      | Reached XP level 9. HP: 74/74 MP: 9/20
  6241 | D:6      | Reached skill level 8 in Spellcasting
  6264 | D:6      | HP: 18/74 [gnoll bouda/+0 whip (5)]
  6850 | D:6      | Reached skill level 10 in Conjurations
  6974 | D:6      | Reached skill level 9 in Spellcasting
  7134 | D:6      | Noticed a gargoyle
  7175 | D:5      | Learned a level 5 spell: Iskenderun's Battlesphere
  7180 | D:5      | Learned a level 4 spell: Fulminant Prism
  7185 | D:5      | Learned a level 4 spell: Iskenderun's Mystic Blast
  7189 | D:5      | Learned a level 3 spell: Swiftness
  7491 | D:6      | Reached skill level 1 in Translocations
  7491 | D:6      | Reached skill level 1 in Alchemy
  7548 | D:7      | Reached skill level 2 in Alchemy
  7704 | D:7      | Reached skill level 2 in Translocations
  7766 | D:7      | Reached XP level 10. HP: 81/81 MP: 11/23
  8056 | D:7      | Found Fugut's General Store.
  8204 | D:7      | Reached * piety under Vehumet
  8204 | D:7      | Offered knowledge of Kiss of Death by Vehumet.
  8205 | D:7      | Reached skill level 3 in Translocations
  8205 | D:7      | Reached skill level 3 in Alchemy
  8567 | D:7      | Reached skill level 10 in Spellcasting
  8567 | D:7      | Reached skill level 1 in Fighting
  8741 | D:7      | Reached skill level 2 in Fighting
  9291 | D:7      | Reached skill level 3 in Fighting
  9624 | D:8      | Found a broken altar of Ashenzari.
  9625 | D:8      | Found a shimmering altar of Xom.
  9630 | D:8      | Identified a scroll of acquirement
  9637 | D:8      | Acquired the +0 hat of Pandemonium {*Corrode rElec Int+5
                  | Dex+2}
  9705 | D:8      | Reached skill level 4 in Fighting
  9872 | D:8      | Reached skill level 5 in Fighting
 10064 | D:8      | Noticed Grum
 10074 | D:8      | Killed Grum
 10117 | D:8      | Reached skill level 6 in Fighting
 10123 | D:8      | Reached skill level 7 in Fighting
 10155 | D:8      | Reached skill level 8 in Fighting
 10450 | D:8      | Found a hide-covered altar of Uskayaw.
 10731 | D:8      | Learned a level 5 spell: Fireball
 10744 | D:8      | Found a snail-covered altar of Cheibriados.
 10771 | D:8      | Found a burning altar of Makhleb.
 10848 | D:9      | Reached skill level 9 in Fighting
 11028 | D:9      | Offered knowledge of Momentum Strike by Vehumet.
 11223 | D:9      | Reached skill level 10 in Fighting
 11224 | D:9      | Reached ** piety under Vehumet
 11248 | D:9      | Reached skill level 1 in Armour
 11315 | D:9      | Found a staircase to the Orcish Mines.
 11462 | D:9      | Reached XP level 11. HP: 106/117 MP: 18/25
 11543 | D:9      | Reached skill level 2 in Armour
 11887 | D:9      | Reached skill level 3 in Armour
 12146 | D:10     | Entered Level 10 of the Dungeon
 12207 | Orc:1    | Entered Level 1 of the Orcish Mines
 12218 | Orc:1    | HP: 9/117 [ogre/+0 giant club (24)]
 12224 | D:9      | Shot with an arrow by an orc warrior

Illustrated notes

Levels and vault maps discovered:
D:1:      dpeg_arrival_more_subterranean_lakeside_camping, layout_loops_corners
D:2:      layout_basic, serial_forest, infiniplex_forest_lined_4_way,
          infiniplex_forest_clump_double, infiniplex_forest_clump_small,
          infiniplex_forest_clump_double, infiniplex_forest_lined_room_2,
          infiniplex_forest_lined_room_3, infiniplex_forest_straight_2,
          uniq_jessica, uniq_robin, uniq_terence, uniq_sigmund
D:3:      layout_basic, hangedman_ru_absence, uniq_grinder
D:4:      layout_gridville, mainiacjoe_overflow_small_starburst,
          chequers_decorated_corner
D:5:      layout_rooms, mainiacjoe_overflow_alcove_4
D:6:      wad_guarded_room, layout_rooms, minmay_temple_entry_ruins,
          portal_sewer_entry_d
D:7:      layout_layer_cave, serial_shops, shop
D:8:      layout_rooms, nicolae_uskayaw_dance_studio,
          grunt_temple_overflow_open, jmf_multi_god_temple2, uniq_grum
D:9:      layout_cave_pods, david_orc_2, serial_undead, serial_undead_c,
          serial_undead_c, serial_undead_a, serial_undead_f
D:10:     layout_loops_ring, serial_demonic, serial_demonic_f, serial_demonic_d,
          serial_demonic_b, serial_demonic_d, special_room [special_room_orc]
Temple:   compressed_dpeg_circular_temple
Orc:1:    layout_caves, basic_altar

Skill      XL: |  1  2  3  4  5  6  7  8  9 10 11 |
---------------+----------------------------------+-----
Spellcasting   | 3 4 5 6 7 9 10 | 10.0
Conjurations   | 4 5 6 7 9 10 | 10.5
Translocations | 2 3 |  3.0
Alchemy        | 2 3 |  3.0
Fighting       | 10 | 10.0
Armour         | 1 3 |  3.0
Dodging        | |  1.7
Stealth        | |  1.4

Action                     |  1- 3 |  4- 6 |  7- 9 | 10-12 || total
---------------------------+-------+-------+-------+-------++-------
  Melee: Staff             |     4 |       |       |       ||     4
         Headbutt          |     1 |       |     4 |     2 ||     7
         Falchion          |       |       |    24 |    12 ||    36
   Fire: Sling             |       |    66 |   180 |    66 ||   312
   Cast: Magic Dart        |    71 |    14 |    18 |   126 ||   229
         Searing Ray       |       |    10 |    46 |     8 ||    64
         Iskenderun's Batt |       |       |     4 |    30 ||    34
         Iskenderun's Myst |       |       |       |     5 ||     5
         Fulminant Prism   |       |       |       |     1 ||     1
    Use: Scroll            |       |       |       |    14 ||    14
 Armour: Robe              |     7 |    37 |       |       ||    44
         Animal skin       |       |     5 |   146 |    46 ||   197
         Steam dragon scal |       |       |       |    85 ||    85
  Dodge: Dodged            |     1 |    22 |   105 |    75 ||   203

Table legend: (Time is in decaauts)
 A = Elapsed time spent in this place.
 B = Non-inter-level travel time spent in this place.
 C = Inter-level travel time spent in this place.
 D = Time resting spent in this place.
 E = Time spent auto-exploring this place.
 F = Levels seen in this place.
 G = Mean time per level.
                   A        B        C        D        E       F      G
               +--------+--------+--------+--------+--------+-----+--------+
         Total |  12345 |  11418 |    927 |    475 |   9219 |  13 |  949.6 |
       Dungeon |  11973 |  11084 |    889 |    475 |   8976 |  10 | 1197.3 |
        Temple |     41 |      3 |     38 |      0 |      0 |   1 |   41.0 |
  Orcish Mines |     11 |     11 |      0 |      0 |      0 |   1 |   11.0 |
         Sewer |    319 |    319 |      0 |      0 |    243 |   1 |  319.0 |
               +--------+--------+--------+--------+--------+-----+--------+

Top non-repeatable levels by time:
     D:7: 1973 daAuts
     D:6: 1766 daAuts
     D:1: 1661 daAuts
     D:9: 1329 daAuts
     D:8: 1272 daAuts
     D:2: 1153 daAuts
     D:4: 1109 daAuts
     D:5: 914 daAuts
     D:3: 790 daAuts
   Sewer: 319 daAuts
  Temple: 41 daAuts
   Orc:1: 11 daAuts
    D:10: 3 daAuts

Levels and vault maps discovered:
D:1:      dpeg_arrival_more_subterranean_lakeside_camping, layout_loops_corners
D:2:      layout_basic, serial_forest, infiniplex_forest_lined_4_way,
          infiniplex_forest_clump_double, infiniplex_forest_clump_small,
          infiniplex_forest_clump_double, infiniplex_forest_lined_room_2,
          infiniplex_forest_lined_room_3, infiniplex_forest_straight_2,
          uniq_jessica, uniq_robin, uniq_terence, uniq_sigmund
D:3:      layout_basic, hangedman_ru_absence, uniq_grinder
D:4:      layout_gridville, mainiacjoe_overflow_small_starburst,
          chequers_decorated_corner
D:5:      layout_rooms, mainiacjoe_overflow_alcove_4
D:6:      wad_guarded_room, layout_rooms, minmay_temple_entry_ruins,
          portal_sewer_entry_d
D:7:      layout_layer_cave, serial_shops, shop
D:8:      layout_rooms, nicolae_uskayaw_dance_studio,
          grunt_temple_overflow_open, jmf_multi_god_temple2, uniq_grum
D:9:      layout_cave_pods, david_orc_2, serial_undead, serial_undead_c,
          serial_undead_c, serial_undead_a, serial_undead_f
D:10:     layout_loops_ring, serial_demonic, serial_demonic_f, serial_demonic_d,
          serial_demonic_b, serial_demonic_d, special_room [special_room_orc]
Temple:   compressed_dpeg_circular_temple
Orc:1:    layout_caves, basic_altar

Table legend: (Time is in decaauts)
 A = Elapsed time spent in this place.
 B = Non-inter-level travel time spent in this place.
 C = Inter-level travel time spent in this place.
 D = Time resting spent in this place.
 E = Time spent auto-exploring this place.
 F = Levels seen in this place.
 G = Mean time per level.
                   A        B        C        D        E       F      G
               +--------+--------+--------+--------+--------+-----+--------+
         Total |  12345 |  11418 |    927 |    475 |   9219 |  13 |  949.6 |
       Dungeon |  11973 |  11084 |    889 |    475 |   8976 |  10 | 1197.3 |
        Temple |     41 |      3 |     38 |      0 |      0 |   1 |   41.0 |
  Orcish Mines |     11 |     11 |      0 |      0 |      0 |   1 |   11.0 |
         Sewer |    319 |    319 |      0 |      0 |    243 |   1 |  319.0 |
               +--------+--------+--------+--------+--------+-----+--------+

Top non-repeatable levels by time:
     D:7: 1973 daAuts
     D:6: 1766 daAuts
     D:1: 1661 daAuts
     D:9: 1329 daAuts
     D:8: 1272 daAuts
     D:2: 1153 daAuts
     D:4: 1109 daAuts
     D:5: 914 daAuts
     D:3: 790 daAuts
   Sewer: 319 daAuts
  Temple: 41 daAuts
   Orc:1: 11 daAuts
    D:10: 3 daAuts

Table legend:
 A = Kills in this place as a percentage of kills in the entire game.
 B = Kills by you in this place as a percentage of kills by you in the entire game.
 C = Kills by friends in this place as a percentage of kills by friends in the entire game.
 D = Other kills in this place as a percentage of other kills in the entire game.
 E = Experience gained in this place as a percentage of experience gained in the entire game.
 F = Experience gained in this place divided by the number of levels of this place that you have seen.
                   A       B       C       D       E      F
               +-------+-------+-------+-------+-------+----------------------
         Total | 100.0 | 100.0 |   N/A |   N/A | 100.0 | 838.4
       Dungeon |  94.9 |  94.9 |   N/A |   N/A |  97.8 | 1065.6
  Orcish Mines |   1.3 |   1.3 |   N/A |   N/A |   0.1 |   9.0
         Sewer |   3.8 |   3.8 |   N/A |   N/A |   2.1 | 234.0
               +-------+-------+-------+-------+-------+----------------------
